 Dungeon Crawl Stone Soup version 0.28.0-43-g3370ac3207 (webtiles) character file.

Game seed: 11336017749314962078

20998 issech the Basher (level 12, -21/110 HPs)
             Began as a Troll Monk on Mar 21, 2022.
             Was a High Priest of Hepliaklqana.
             Hit by a large rock thrown by a cyclops (38 damage)
             ... on level 13 of the Dungeon.
             The game lasted 00:57:24 (12526 turns).

issech the Basher (Troll Monk)                     Turns: 12526, Time: 00:57:25

Health: -21/110    AC: 12    Str: 27    XL:     12   Next: 50%
Magic:  11/11      EV: 18    Int:  6    God:    Hepliaklqana [*****.]
Gold:   748        SH:  5    Dex: 16    Spells: 11/11 levels left

rFire   . . .      SeeInvis +   b - +4 flail (freeze)
rCold   . . .      Faith    .   u - orb {light}
rNeg    . . .      Spirit   .   Z - +3 robe of Quantum Leap {-Cast Str+5 SInv Stlth+}
rPois   .          Reflect  +   T - +0 hat
rElec   .          Harm     .   a - +0 cloak
rCorr   .          Rampage  .   (gloves unavailable)
Will    .....      NoCast   +   (boots unavailable)
Stlth   ++........              C - amulet of reflection
HPRegen 1.08/turn               I - +4 ring of protection
MPRegen 0.12/turn               J - +4 ring of evasion

@: brilliant, glowing, studying Fighting
A: reduced essence, large, unfitting armour, claws 3, regeneration 1, shaggy fur
1, tough skin 1
a: Renounce Religion, Recall Ancestor, Ancestor Identity, Transference, Idealise


You were on level 13 of the Dungeon.
You worshipped Hepliaklqana.
Hepliaklqana was extremely pleased with you.
You visited 2 branches of the dungeon, and saw 14 of its levels.

You collected 748 gold pieces.

Inventory:

Hand Weapons
 b - a +4 flail of freezing (weapon)
 m - a +2 hand axe of distortion
 y - a +1 vorpal shortbow
 z - a +0 flail of draining
 D - a +0 arbalest
 F - a +0 mace of protection
 H - a +0 vorpal mace
 M - a +1 whip of flaming
 P - a +0 vorpal flail
 U - a +0 giant spiked club
 Y - a +0 antimagic glaive
Missiles
 c - 51 sling bullets
 d - 14 poisoned darts
 e - 211 arrows
 g - 293 stones
 h - 12 large rocks (quivered)
 j - 43 bolts
 O - a throwing net
 Q - 3 curare-tipped darts
 V - 4 boomerangs
Armour
 a - a +0 cloak (worn)
 r - a +0 troll leather armour
 u - an orb of light (worn)
 v - the +3 robe of Kubi {Dex+2}
   (You found it on level 4 of the Dungeon)

   Dex:       It affects your dexterity (+2).
 K - +0 steam dragon scales
 N - a +0 robe of positive energy
 T - a +0 hat (worn)
 Z - the +3 robe of Quantum Leap (worn) {-Cast Str+5 SInv Stlth+}
   (You found it on level 9 of the Dungeon)

   Str:       It affects your strength (+5).
   SInv:      It lets you see invisible.
   -Cast:     It prevents spellcasting.
   Stlth:     It makes you more stealthy.
Jewellery
 w - an amulet of guardian spirit
 C - an amulet of reflection (around neck)
 I - a +4 ring of protection (left claw)
 J - a +4 ring of evasion (right claw)
Wands
 x - a wand of iceblast (6)
 B - a wand of paralysis (17)
 R - a wand of flame (32)
 X - a wand of acid (5)
Scrolls
 f - 4 scrolls of teleportation
 k - a scroll of blinking
 o - a scroll of fog
 q - 5 scrolls of amnesia
 s - 2 scrolls of summoning
Potions
 i - 3 potions of heal wounds {unknown}
 l - 4 potions of lignification {unknown}
 n - 5 potions of mutation {unknown}
 p - a potion of ambrosia {unknown}
 t - a potion of attraction {unknown}
 A - a potion of flight {unknown}
 E - 3 potions of might {unknown}
 G - 2 potions of magic {unknown}
 L - 4 potions of degeneration {unknown}
 S - 5 potions of curing {unknown}
Miscellaneous
 W - a tin of tremorstones (2/2)


   Skills:
 + Level 9.3 Fighting
 + Level 1.0 Short Blades
 + Level 13.2 Maces & Flails
 + Level 1.2 Throwing
 + Level 8.4 Dodging
 + Level 3.6 Stealth
 + Level 4.5 Shields


You had 11 spell levels left.
You didn't know any spells.
Your spell library contained the following spells:

 Spells                   Type           Power      Damage    Failure   Level
 Slow                     Hex            0%         N/A       45%         1
 Static Discharge         Conj/Air       0%         N/A       58%         2
 Call Canine Familiar     Summ           0%         N/A       83%         3
 Ignite Poison            Fire/Tmut/Pois 0%         N/A       83%         3
 Mephitic Cloud           Conj/Pois/Air  0%         N/A       83%         3
 Ozocubu's Armour         Ice            0%         N/A       83%         3
 Portal Projectile        Hex/Tloc       0%         N/A       83%         3
 Stone Arrow              Conj/Erth      0%         3d7       83%         3
 Leda's Liquefaction      Hex/Erth       0%         N/A       99%         4
 Summon Lightning Spire   Summ/Air       0%         N/A       99%         4
 Freezing Cloud           Conj/Ice/Air   0%         6-21      100%        5
 Lightning Bolt           Conj/Air       0%         1d11      100%        5
 Enfeeble                 Hex            0%         N/A       100%        7
 Ozocubu's Refrigeration  Ice            0%         4d5       100%        7
 Storm Form               Tmut/Air       0%         N/A       100%        7
 Discord                  Hex            0%         N/A       100%        8
 Maxwell's Capacitive Co  Air            0%         ∞         100%        8


Dungeon Overview and Level Annotations

Branches:
Dungeon (13/15)            Temple (1/1) D:5            Lair (0/6) D:10
    Orc (0/2) D:9
 Vaults: D:13-14

Altars:
Ashenzari
Cheibriados
Dithmenos
Elyvilon
Fedhas
Gozag
Hepliaklqana
Kikubaaqudgha
Makhleb
Nemelex Xobeh
Okawaru
Qazlal
Ru
Sif Muna
Trog
Uskayaw
Vehumet
Wu Jian
Xom
Yredelemnul
Zin
The Shining One
Lugonu

Shops:
D:11 *(?*(


Innate Abilities, Weirdness & Mutations

Your life essence is reduced to manifest your ancestor. (-10% HP)
You are too large for most types of armour.
You have claws for hands.
Your natural rate of healing is unusually fast.
You are covered in fur. (AC +1)
You have tough skin. (AC +1)


Message History

You hit the efreet but do no damage.
The efreet is heavily wounded.
The efreet barely misses you.
You hit the efreet but do no damage.
The efreet is heavily wounded.
The efreet hits you with a +0 scimitar of flaming!
The efreet burns you.
Unknown command.
You hit the efreet. You freeze the efreet.
The efreet is severely wounded.
The efreet gestures at you.
The fireball explodes!
The fireball engulfs you!!
The tree burns like a torch!
The fireball engulfs the efreet.
The efreet completely resists.
The fireball engulfs Cipactli!
Cipactli resists.
A red ugly thing comes into view. x2
You catch the helpless efreet completely off-guard!
You thump the efreet! You freeze the efreet.
You kill the efreet!
You are engulfed in blazing flames.
Cipactli is engulfed in blazing flames.
The red ugly thing basks in the mutagenic energy from its kin and changes!
You are engulfed in blazing flames.
Cipactli is engulfed in a forest fire.
Cipactli hits the red ugly thing with a +0 quarterstaff!
The forest fire spreads! x3
You are engulfed in blazing flames.
* * * LOW HITPOINT WARNING * * *
The red ugly thing is engulfed in blazing flames.
The red ugly thing basks in the mutagenic energy from its kin and changes!
Cipactli is engulfed in a forest fire.
Cipactli hits the purple ugly thing with a +0 quarterstaff!
The forest fire spreads!
You are engulfed in blazing flames.
* * * LOW HITPOINT WARNING * * *
Cipactli is engulfed in a forest fire.
Cipactli hits the purple ugly thing with a +0 quarterstaff.
Cipactli is engulfed in a forest fire.
Cipactli points at the purple ugly thing and mumbles some strange words.
The stone arrow hits the purple ugly thing!!
The cyclops throws a large rock.
The large rock hits you!!!
You die...

#..♣ ♣.♣ ♣♣.♣#.####. ...♣
♣.♣ ♣♣.♣♣#.....<
♣..♣#♣♣.♣♣#♣..♣♣#......
♣.u#♣...♣#.♣♣.♣#......
♣♣u#§....#†♣♣♣.#......
..#.♣♣§R§§P.P.♣...♣.#.####.
....C§§§§§P≈P.....♣.)..###.
..#$♣§§§§§PPP.♣♣♣.♣♣#...#..
#..§§§#§@...# ♣♣.♣#...#..
#...♣♣#♣...♣#♣♣R♣♣#...#..
#.♣ ♣♣.♣♣#♣.♣♣ #..#### #
♣.♣ #.♣♣ #.## ♣.♣ #♣R♣♣ #..
♣.♣ ♣♣.♣ #.. .# ### #.. ..
...#


You could see the friendly Cipactli the battlemage, 2 ugly things and a cyclops.

Vanquished Creatures
  Gastronok (D:10)
  A hydra (D:12)
  2 boulder beetles
  2 two-headed ogres
  Erica (D:8)
  2 cyclopes
  A gargoyle (D:13)
  2 unseen horrors (D:12)
  An efreet (D:13)
  2 trolls
  3 slime creatures (D:12)
  A meliai zombie (D:11)
  A wraith (D:10)
  5 yaks (D:10)
  A basilisk (D:13)
  A steam dragon (D:7)
  4 vampire mosquitoes
  2 wargs (D:10)
  8 orc warriors
  A black bear (D:7)
  3 ogres
  2 centaurs
  2 phantoms (D:9)
  2 bullfrogs
  A wyvern zombie (D:8)
  2 scorpions
  A troll zombie (D:9)
  2 water moccasin skeletons
  7 wights
  5 killer bees (D:10)
  An electric eel (D:8)
  A howler monkey (D:7)
  4 centaur zombies
  A hound (D:6)
  A centaur skeleton (D:6)
  10 orc priests
  A gnoll shaman (D:3)
  3 iron imps (D:4)
  4 iguanas
  8 orc wizards
  3 ogre zombies (D:9)
  2 hound skeletons
  A howler monkey zombie (D:8)
  3 adders
  6 gnolls
  A white imp (D:8)
  An adder skeleton (D:4)
  4 worms
  4 dart slugs
  33 orcs
  5 bats (D:1)
  5 endoplasms
  4 giant cockroaches
  8 goblins
  6 hobgoblins
  4 jackals (D:3)
  2 quokkas
  5 ball pythons
  2 frilled lizards
  3 goblin skeletons (D:9)
  A hobgoblin zombie (D:9)
  A jackal skeleton (D:4)
  10 kobolds
  3 orc skeletons (D:9)
  6 orc zombies (D:9)
  A quokka skeleton (D:4)
  4 rats
231 creatures vanquished.

Vanquished Creatures (collateral kills)
  A boulder beetle (D:12)
  Harold (D:8)
  A hydra (D:12)
  Pikel (D:7)
  A cyclops (D:13)
  A manticore (D:6)
  A centaur zombie (D:11)
  2 gargoyles
  Maggie (D:10)
  A shadow (D:11)
  4 yaks (D:10)
  2 steam dragons
  2 vampire mosquitoes (D:12)
  A warg (D:10)
  An acid dragon (D:9)
  4 orc warriors
  3 ice beasts
  A lemure (D:7)
  2 centaurs
  A phantom (D:9)
  A kobold brigand (D:9)
  3 bullfrogs
  A troll zombie (D:9)
  A killer bee (D:10)
  4 wights
  A bullfrog zombie (D:6)
  A jelly (D:6)
  An orc priest (D:12)
  A centaur skeleton (D:6)
  3 orc wizards
  An ogre zombie (D:9)
  A howler monkey zombie (D:6)
  3 gnolls (Temple)
  An adder (D:6)
  A shadow imp (D:6)
  13 orcs
  A hobgoblin skeleton (D:9)
  5 orc zombies (D:9)
75 creatures vanquished.

Vanquished Creatures (others)
  The ghost of tizbic2 the Gusty, a novice DsAE of Cheibriados (D:6)
  An orc warrior (D:6)
  An ice beast (D:6)
  9 battlemagi
  An adder (D:6)
  A quokka (D:6)
  A demonic plant (Temple)
  4 plants
19 creatures vanquished.

Grand Total: 325 creatures vanquished

Notes
Turn   | Place    | Note
-------+----------+-------------------------------------------
     0 | D:1      | issech the Troll Monk began the quest for the Orb.
     0 | D:1      | Reached XP level 1. HP: 22/22 MP: 0/0
    80 | D:1      | Reached skill level 3 in Maces & Flails
   157 | D:1      | Reached XP level 2. HP: 29/29 MP: 1/1
   455 | D:1      | Reached XP level 3. HP: 36/36 MP: 2/2
   734 | D:2      | Found an ornate altar of the Wu Jian Council.
  1375 | D:3      | Reached XP level 4. HP: 44/44 MP: 3/3
  1568 | D:3      | Found a sacrificial altar of Ru.
  1581 | D:3      | Found a sparkling altar of Nemelex Xobeh.
  1836 | D:3      | Reached skill level 4 in Maces & Flails
  1851 | D:3      | Found a stormy altar of Qazlal.
  2259 | D:3      | Reached XP level 5. HP: 52/52 MP: 4/4
  2562 | D:3      | Reached skill level 5 in Maces & Flails
  2562 | D:3      | Reached XP level 6. HP: 47/61 MP: 5/5
  2740 | D:4      | Identified the +3 robe of Kubi {Dex+2}
  2836 | D:4      | Found an iron altar of Okawaru.
  2957 | D:4      | Found a burning altar of Makhleb.
  3183 | D:4      | Found an ornate altar of the Wu Jian Council.
  3197 | D:4      | Reached XP level 7. HP: 36/67 MP: 6/6
  3481 | D:5      | Entered Level 5 of the Dungeon
  3502 | D:5      | Found a broken altar of Ashenzari.
  3524 | D:5      | Found a hide-covered altar of Uskayaw.
  3527 | D:5      | Noticed a +0 hand axe
  3527 | D:5      | Noticed a +0 hand axe
  3585 | D:5      | Reached skill level 1 in Short Blades
  3674 | D:5      | Found a glowing golden altar of the Shining One.
  3818 | D:5      | Found a staircase to the Ecumenical Temple.
  3827 | D:5      | Reached skill level 6 in Maces & Flails
  3834 | Temple   | Entered the Ecumenical Temple
  3890 | Temple   | Became a worshipper of Hepliaklqana the Forgotten
  3890 | Temple   | Reached * piety under Hepliaklqana
  3890 | Temple   | Reached ** piety under Hepliaklqana
  3891 | Temple   | Remembered your ancestor Cipactli as a battlemage
  4122 | D:5      | Found a shimmering altar of Xom.
  4585 | D:6      | Found a white marble altar of Elyvilon.
  4597 | D:6      | Found a runed translucent gate.
  4597 | D:6      | Noticed tizbic2's ghost (novice DsAE)
  4598 | D:6      | Found a runed translucent gate.
  4604 | D:6      | Found a runed translucent gate.
  4604 | D:6      | Noticed a manticore
  4758 | D:6      | Reached XP level 8. HP: 68/70 MP: 7/7
  4850 | D:6      | Reached skill level 7 in Maces & Flails
  5074 | D:6      | Reached skill level 5 in Dodging
  5285 | D:7      | Reached skill level 8 in Maces & Flails
  5291 | D:7      | Noticed Pikel
  5303 | D:7      | Killed Pikel
  5304 | D:7      | Reached skill level 5 in Fighting
  5304 | D:7      | Reached XP level 9. HP: 31/79 MP: 8/8
  5811 | D:7      | Reached *** piety under Hepliaklqana
  5842 | D:7      | Found a bloodstained altar of Trog.
  5873 | D:7      | Found an ancient bone altar of Kikubaaqudgha.
  5932 | D:7      | You fall into a shaft and drop 1 floor!
  5932 | D:8      | Noticed Harold
  5940 | D:8      | Killed Harold
  5941 | D:8      | Reached skill level 9 in Maces & Flails
  5941 | D:8      | Reached skill level 1 in Shields
  6279 | D:6      | Killed a manticore
  6292 | D:6      | Killed tizbic2's ghost
  6293 | D:6      | Reached skill level 10 in Maces & Flails
  6293 | D:6      | Reached XP level 10. HP: 63/88 MP: 9/9
  6535 | D:8      | Noticed a gargoyle
  6616 | D:8      | Killed a gargoyle
  6711 | D:8      | Got the Handbook of Bewitching Clay
  7108 | D:8      | Noticed Erica
  7115 | D:8      | Killed Erica
  7567 | D:9      | Noticed an angel
  7568 | D:9      | Found a glowing silver altar of Zin.
  7594 | D:9      | Reached **** piety under Hepliaklqana
  7640 | D:9      | Found a staircase to the Orcish Mines.
  7813 | D:9      | Found an opulent altar of Gozag.
  7862 | D:9      | Identified the +3 robe of Quantum Leap {-Cast Str+5 SInv
                  | Stlth+}
  7901 | D:9      | Found a basalt altar of Yredelemnul.
  8056 | D:9      | Reached skill level 11 in Maces & Flails
  8357 | D:10     | Entered Level 10 of the Dungeon
  8413 | D:10     | Noticed Maggie
  8424 | D:10     | Killed Maggie
  8451 | D:10     | Noticed a boulder beetle
  8476 | D:10     | Killed a boulder beetle
  8477 | D:10     | Reached XP level 11. HP: 33/96 MP: 10/10
  8568 | D:10     | Noticed a two-headed ogre
  8573 | D:10     | Killed a two-headed ogre
  8870 | D:10     | Found a staircase to the Lair.
  8889 | D:10     | Noticed Gastronok
  8937 | D:10     | Killed Gastronok
  8938 | D:10     | Reached skill level 12 in Maces & Flails
  9105 | D:10     | Identified a scroll of acquirement
  9105 | D:10     | Acquired a manual of Fighting
  9457 | D:11     | Found Ygi Xog's Weapon Boutique.
  9694 | D:11     | Found Nuideffi's Magic Scroll Emporium.
  9812 | D:11     | Found Suphogy's Assorted Antiques.
  9862 | D:11     | Reached ***** piety under Hepliaklqana
  9928 | D:11     | Found Zowoph's Antique Weapon Shoppe.
 10093 | D:11     | Found Myhikhium's Assorted Antiques.
 10141 | D:12     | Noticed a five-headed hydra
 10151 | D:12     | Killed a five-headed hydra
 10177 | D:12     | Noticed a two-headed ogre
 10294 | D:11     | Killed a two-headed ogre
 10656 | D:12     | Reached XP level 12. HP: 107/107 MP: 11/11
 10678 | D:12     | Noticed a boulder beetle
 10693 | D:12     | Killed a boulder beetle
 10917 | D:12     | Reached skill level 1 in Throwing
 11073 | D:12     | Found a stormy altar of Qazlal.
 11200 | D:12     | Reached skill level 13 in Maces & Flails
 11376 | D:12     | Noticed a five-headed hydra
 11384 | D:12     | Killed a five-headed hydra
 11497 | D:12     | Noticed a boulder beetle
 11521 | D:12     | Killed a boulder beetle
 12526 | D:13     | Hit by a large rock thrown by a cyclops

Illustrated notes

Levels and vault maps discovered:
D:1:      dpeg_arrival_stonehenge_12_columns, layout_basic, minivault_14
D:2:      layout_loops_cross, basic_altar
D:3:      layout_loops_ring, nicolae_overflow_hidden_temple,
          grunt_temple_overflow_open
D:4:      layout_basic, demons_altar, mainiacjoe_overflow_small_starburst,
          okawaru_gym_becter, columned_hall_lemuel, kennysheep_generic_room_8
D:5:      layout_loops_ring, mainiacjoe_overflow_alcove_4,
          mainiacjoe_overflow_six_doors_small, ashenzari_conservatory_becter,
          dancing_weapons_uskayaw, minmay_temple_entry_stoned_glass,
          abandoned_shop
D:6:      layout_basic, elyvilon_altar_4, gammafunk_ghost_split,
          grunt_decor_arrowhead, minmay_misc_feat_pillars
D:7:      layout_basic, mainiacjoe_overflow_two_lobes, uniq_pikel
D:8:      layout_basic, serial_bayou_pond_c, uniq_erica, uniq_harold
D:9:      layout_stronghold, zin_angel,
          mainiacjoe_overflow_concentric_impassable, lemuel_crystal_altar,
          zombieorc1_lemuel, kennysheep_another_room
D:10:     minmay_angry_zag, layout_basic, erik_lair_orcish_takeover,
          serial_rivers, chequers_serial_rivers_small_3,
          chequers_serial_rivers_marsh, chequers_serial_rivers_room_b,
          chequers_serial_rivers_small_3, uniq_gastronok, uniq_maggie
D:11:     layout_big_octagon, serial_shops, nicolae_shop_bloodbath_and_beyond,
          kennysheep_little_box, nicolae_shop_temple_entry_statues_fountains,
          nicolae_take_the_stairs, shop, amcnicky_mini_rare_corridor_liquid
D:12:     layout_loops_corners, special_room [special_room_orc],
          grunt_decor_cap, nicolae_qazlal_scattered_showers
D:13:     nzn_winding_woodlands_three_and_one
          [nzn_winding_woodlands_5x15_crooked,
          nzn_winding_woodlands_5x15_garden, nzn_winding_woodlands_5x15_pockets,
          nzn_winding_woodlands_center_lodge], layout_gridville, uniq_kirke
Temple:   corrupted_temple

Skill      XL: |  1  2  3  4  5  6  7  8  9 10 11 12 |
---------------+-------------------------------------+-----
Maces & Flails | 3 4 5 6 8 10 11 12 13 | 13.2
Dodging        | 3 4 5 6 7 8 |  8.4
Fighting       | 3 4 5 6 8 9 |  9.3
Short Blades   | 1 |  1.0
Stealth        | 2 3 |  3.6
Shields        | 1 2 3 4 |  4.5
Throwing       | 1 |  1.2

Action                   |  1- 3 |  4- 6 |  7- 9 | 10-12 || total
-------------------------+-------+-------+-------+-------++-------
Melee: Mace              |   129 |    90 |       |       ||   219
       Punch             |       |     7 |       |       ||     7
       Flail             |       |    69 |   196 |   460 ||   725
       Dagger            |       |    18 |       |       ||    18
       Giant club        |       |       |    14 |       ||    14
Throw: Large rock        |       |       |       |     6 ||     6
Invok: Ancestor Life: Ba |       |       |     1 |       ||     1
       Recall Ancestor   |       |       |     1 |       ||     1
  Use: Scroll            |       |     5 |     5 |     5 ||    15
       Potion            |       |       |       |     1 ||     1
 Stab: Sleeping          |     3 |       |       |     4 ||     7
       Distracted        |       |       |     1 |     7 ||     8
Armor: Robe              |    46 |    50 |    82 |    91 ||   269
Dodge: Dodged            |    75 |    98 |   157 |   303 ||   633
Block: Orb               |       |       |    23 |    92 ||   115
       Reflection        |       |       |       |     4 ||     4
